 Dungeon Crawl Stone Soup version 0.19-a0-1779-g7aee5af (webtiles) character file.

163 JeffiDaFish the Firebug (level 5, -2/40 HPs)
             Began as a Draconian Fire Elementalist on Oct 2, 2016.
             Slain by a scorpion (7 damage)
             ... on level 4 of the Dungeon.
             The game lasted 00:14:39 (2543 turns).

JeffiDaFish the Firebug (DrFE)                      Turns: 2543, Time: 00:14:40

Health: -2/40      AC:  8    Str: 11    XL:     5   Next: 20%
Magic:  2/8        EV: 12    Int: 16    God:
Gold:   138        SH:  0    Dex: 11    Spells: 1 memorised, 7 levels left

rFire  . . .     SeeInvis .     e - +0 short sword
rCold  . . .     Gourm    .     (armour unavailable)
rNeg   . . .     Faith    .     (no shield)
rPois  .         Spirit   .     (helmet restricted)
rElec  .         Dismiss  +     i - +2 cloak
rCorr  .         Reflect  .     (no gloves)
MR     .....     Harm     .     (no boots)
Stlth  ++........               d - amulet of dismissal
                                (no ring)
                                (no ring)

@: lethally poisoned (-2 -> -8)
A: unfitting armour, cold-blooded, AC +5
a: no special abilities


You were on level 4 of the Dungeon.
You were not hungry.

You visited 1 branch of the dungeon, and saw 4 of its levels.

You collected 138 gold pieces.

Inventory:

Hand Weapons
 e - a +0 short sword (weapon)
Missiles
 k - 7 curare-tipped needles (quivered)
Armour
 i - a +2 cloak (worn)
Jewellery
 d - an amulet of dismissal (around neck)
Scrolls
 m - 2 scrolls of teleportation
 r - 2 scrolls of identify
Potions
 f - a potion of might
 h - 3 potions of flight
 o - a potion of agility
 q - a potion of brilliance
Books
 a - a book of Flames

   Spells                             Type                      Level
   a - Flame Tongue                   Conjuration/Fire             1
   b - Throw Flame                    Conjuration/Fire             2
   c - Conjure Flame                  Conjuration/Fire             3
   d - Inner Flame                    Hexes/Fire                   3
   e - Sticky Flame                   Conjuration/Fire             4
   f - Fireball                       Conjuration/Fire             5
Comestibles
 b - 5 bread rations
 c - a meat ration
 g - 2 fruits


   Skills:
 + Level 1.0 Fighting
 + Level 1.9 Short Blades
 + Level 2.5 Dodging
 + Level 2.9 Stealth
 + Level 2.3 Spellcasting
 + Level 1.7 Conjurations
 + Level 3.6 Fire Magic


You had 7 spell levels left.
You knew the following spells:

 Your Spells              Type           Power        Failure   Level  Hunger
a - Flame Tongue          Conj/Fire      ##...        10%         1    #......


Dungeon Overview and Level Annotations

Branches:
Dungeon (4/15)
 Temple: D:4-7

Altars:
Ashenzari
Cheibriados
Fedhas
Makhleb


Innate Abilities, Weirdness & Mutations

Your plain brown scales are hard. (AC +5)
You cannot fit into any form of body armour.
You are cold-blooded and may be slowed by cold attacks.


Message History

The flame tongue misses the scorpion.
The scorpion barely misses you.
You hit the scorpion.
The scorpion is severely wounded.
The scorpion stings you but does no damage.
You hit the scorpion.
The scorpion is severely wounded.
The scorpion stings you!
* * * LOW HITPOINT WARNING * * *
You are lethally poisoned!
The scorpion poisons you!
Casting: Flame Tongue
Confirm with . or Enter, or press ? or * to list all spells.
Aiming: Flame Tongue
Press: ? - help, Shift-Dir - straight line, f/p - scorpion
Aim: a scorpion (severely wounded)
The flame tongue hits the scorpion.
The scorpion appears unharmed.
The scorpion is severely wounded.
* * * LOW HITPOINT WARNING * * *
You feel sick. The scorpion stings you!
You die...

######### #.......#
#.#####.# ### #.#
#.# #.. #@#####.#
#... #s#..##.#
.#...######.#..##.#
#.......s...#..##.#
#........####..##.#
#........####.....#
#.##.....#......###
# #.....#.##.#...#
#.....#.##.#.###.#


You could see a scorpion.

Vanquished Creatures
  A hound (D:3)
  3 adders
  2 adder skeletons
  A worm (D:3)
  5 dart slugs
  5 leopard geckos
  An orc (D:3)
  4 giant cockroaches
  10 goblins
  6 hobgoblins
  10 jackals
  12 kobolds
  2 quokkas
  5 bats
  2 frilled lizards
  8 rats
77 creatures vanquished.

Notes
Turn   | Place    | Note
-------+----------+-------------------------------------------
     0 | D:1      | JeffiDaFish the Draconian Fire Elementalist began the quest for the Orb.
     0 | D:1      | Reached XP level 1. HP: 14/14 MP: 3/3
   282 | D:1      | Reached XP level 2. HP: 20/20 MP: 3/5
   579 | D:1      | Reached XP level 3. HP: 22/26 MP: 6/6
  1171 | D:2      | Found a shattered altar of Ashenzari.
  1224 | D:2      | Reached skill level 1 in Short Blades
  1270 | D:2      | Found a blossoming altar of Fedhas.
  1270 | D:2      | Found a snail-covered altar of Cheibriados.
  1371 | D:2      | Reached XP level 4. HP: 30/34 MP: 4/7
  1995 | D:3      | Reached skill level 1 in Fighting
  1995 | D:3      | Reached XP level 5. HP: 20/40 MP: 2/8
  2197 | D:3      | Found a burning altar of Makhleb.
  2543 | D:4      | Slain by a scorpion

Vault maps used:
D:1:      lemuel_arrival_hallway, glass_columns_b, minivault_25,
          minmay_pentomino_v4
D:2:      nicolae_ashenzari_panopticon, gammafunk_temple_overflow_wave,
          first_bread, nrook_mini_vaults
D:3:      wad_river_or_something, makhleb_blood_cavern_becter
D:4:      grunt_qazlal_clouds

Skill      XL: |  1  2  3  4 |
---------------+-------------+-----
Dodging        | 2 |  2.5
Stealth        | 2 |  2.9
Short Blades   | 1 |  1.9
Fighting       | 1 |  1.0
Spellcasting   | |  2.3
Conjurations   | |  1.7
Fire Magic     | |  3.6

Action                   |  1- 3 |  4- 6 || total
-------------------------+-------+-------++-------
Melee: Unarmed           |    10 |       ||    10
       Short sword       |   117 |   114 ||   231
       Tailslap          |    10 |    10 ||    20
 Cast: Flame Tongue      |    20 |    28 ||    48
  Use: Scroll            |     5 |     8 ||    13
       Potion            |     3 |       ||     3
 Stab: Sleeping          |     3 |     3 ||     6
  Eat: Chunk             |     2 |     4 ||     6
Armor: Skin              |    37 |    51 ||    88
Dodge: Dodged            |    98 |    75 ||   173
